NWL (28 & UNDER)
CULVER CITY EXTRAS @ BISMARCK BARONS
05/19/2029
 
TOP OF THE 1ST
Culver City Extras batting - Pitching for Bismarck Barons : RHP Wilson Molina
Pitching: RHP Wilson Molina
Batting: RHB Horace Johnson 0-0: Ball
1-0: Ball
2-0: Foul Ball, location: 2F
2-1: Ground out 3-1 (Groundball, 34)
Batting: LHB Jorge Martínez 0-0: Ball
1-0: Foul Ball, location: 2F
1-1: Bunt missed!
1-2: Ball
2-2: Ground out 6-3 (Groundball, 6M)
Batting: RHB Jason McIntosh 0-0: Ball
1-0: Ball
2-0: Ball
3-0: Foul Ball, location: 2F
3-1: Fly out, F7 (Line Drive, 7LS)
Top of the 1st over - 0 runs, 0 hits, 0 errors, 0 left on base; Culver City 0 - Bismarck 0
BOTTOM OF THE 1ST
Bismarck Barons batting - Pitching for Culver City Extras : LHP Sebastián Cervantes
Pitching: LHP Sebastián Cervantes
Batting: RHB Dave Anderson 0-0: Swinging Strike
0-1: Ball
1-1: Called Strike
1-2: Strikes out swinging
Batting: RHB Dennis Garner 0-0: Ball
1-0: Ground out 5-3 (Groundball, 56)
Batting: RHB Jason Stover 0-0: Ball
1-0: Foul Ball, location: 2F
1-1: Ball
2-1: Called Strike
2-2: Ball
3-2: Foul Ball, location: 2F
3-2: Foul Ball, location: 2F
3-2: Base on Balls
Batting: RHB Fernando Castellanos 0-0: Fly out, F8 (Flyball, 8LS)
Bottom of the 1st over - 0 runs, 0 hits, 0 errors, 1 left on base; Culver City 0 - Bismarck 0
TOP OF THE 2ND
Culver City Extras batting - Pitching for Bismarck Barons : RHP Wilson Molina
Batting: RHB Dave Anderson 0-0: Called Strike
0-1: Foul Ball, location: 2F
0-2: Foul Ball, location: 2F
0-2: Foul Ball, location: 2F
0-2: Foul Ball, location: 2F
0-2: Ball
1-2: Ball
2-2: Ground out 5-3 (Groundball, 5S)
Batting: SHB Joey Boyd 0-0: Ball
1-0: Ball
2-0: Called Strike
2-1: Foul Ball, location: 2F
2-2: Fly out, F8 (Flyball, 8LD)
Batting: LHB Richard Bell 0-0: Swinging Strike
0-1: Ball
1-1: Ball
2-1: Foul Ball, location: 2F
2-2: Fly out, F6 (Popup, P)
Top of the 2nd over - 0 runs, 0 hits, 0 errors, 0 left on base; Culver City 0 - Bismarck 0
BOTTOM OF THE 2ND
Bismarck Barons batting - Pitching for Culver City Extras : LHP Sebastián Cervantes
Batting: RHB Félix Trevino 0-0: Called Strike
0-1: Ball
1-1: Ball
2-1: SINGLE (Groundball, 6MD)
Batting: RHB José Ruíz 0-0: Ball
1-0: Ball
2-0: Ball
3-0: Called Strike
3-1: Base on Balls
Félix Trevino to second
Batting: RHB Xie-li Fong 0-0: SINGLE (Line Drive, 9S)
Félix Trevino to third
José Ruíz to second
Batting: RHB Pedro García 0-0: Ball
1-0: Called Strike
1-1: Ground out 3-1 (Groundball, 34S)
Félix Trevino scores
José Ruíz to third
Xie-li Fong to second
Batting: RHB Rubén Palma 0-0: Foul Ball, location: 2F
0-1: Ball
1-1: SINGLE (Line Drive, 9LM)
José Ruíz scores
Xie-li Fong to third
Batting: RHB Dave Anderson 0-0: Ball
1-0: Called Strike
1-1: Fly out, F6 (Popup, 6)
Batting: RHB Dennis Garner 0-0: SINGLE (Flyball, 89M)
Xie-li Fong scores
Rubén Palma to second
Runner from 2nd tries for 3rd, SAFE, throw made to third
Batting: RHB Jason Stover 0-0: Called Strike
0-1: Ball
1-1: Ball
2-1: Called Strike
2-2: SINGLE (Line Drive, 9S)
Rubén Palma scores
Dennis Garner to second
Batting: RHB Fernando Castellanos 0-0: Foul Ball, location: 2F
0-1: Fly out, F3 (Popup, 3SF)
Bottom of the 2nd over - 4 runs, 5 hits, 0 errors, 2 left on base; Culver City 0 - Bismarck 4
TOP OF THE 3RD
Culver City Extras batting - Pitching for Bismarck Barons : RHP Wilson Molina
Batting: RHB Clarence Harrison 0-0: Called Strike
0-1: Ball
1-1: Swinging Strike
1-2: Ball
2-2: Ball
3-2: Ground out 6-3 (Groundball, 6)
Batting: LHB Juan Hinojosa 0-0: Foul Ball, location: 2F
0-1: Ground out 4-3 (Groundball, 4)
Batting: RHB Robert Koremans 0-0: Ball
1-0: Called Strike
1-1: Ball
2-1: Called Strike
2-2: Foul Ball, location: 2F
2-2: Foul Ball, location: 2F
2-2: SOLO HOME RUN (Line Drive, 7LD), Distance : 321 ft
Batting: RHB Horace Johnson 0-0: Ball
1-0: Called Strike
1-1: Ball
2-1: Ground out U3 (Groundball, 3S)
Top of the 3rd over - 1 run, 1 hit, 0 errors, 0 left on base; Culver City 1 - Bismarck 4
BOTTOM OF THE 3RD
Bismarck Barons batting - Pitching for Culver City Extras : LHP Sebastián Cervantes
Batting: RHB Félix Trevino 0-0: Foul Ball, location: 2F
0-1: Foul Ball, location: 2F
0-2: Ball
1-2: Ball
2-2: Ball
3-2: Fly out, F8 (Line Drive, 8LD)
Batting: RHB José Ruíz 0-0: Called Strike
0-1: Ball
1-1: SINGLE (Groundball, 5D)
Batting: RHB Xie-li Fong 0-0: Ball
José Ruíz steals 2nd base
1-0: Called Strike
1-1: Swinging Strike
1-2: Strikes out swinging
Batting: RHB Pedro García 0-0: Swinging Strike
0-1: Called Strike
0-2: Strikes out looking
Bottom of the 3rd over - 0 runs, 1 hit, 0 errors, 1 left on base; Culver City 1 - Bismarck 4
TOP OF THE 4TH
Culver City Extras batting - Pitching for Bismarck Barons : RHP Wilson Molina
Batting: LHB Jorge Martínez 0-0: Foul Ball, location: 2F
0-1: Ball
1-1: Fly out, F6 (Line Drive, 4M)
Batting: RHB Jason McIntosh 0-0: Called Strike
0-1: Foul Ball, location: 2F
0-2: Foul Ball, location: 2F
0-2: Ball
1-2: Strikes out swinging
Batting: RHB Dave Anderson 0-0: Ball
1-0: Ball
2-0: Called Strike
2-1: Ball
3-1: Base on Balls
Batting: SHB Joey Boyd Balk!
Dave Anderson to second
0-0: Ball
1-0: Foul Ball, location: 2F
1-1: Ground out 1-3 (Groundball, 13)
Top of the 4th over - 0 runs, 0 hits, 0 errors, 1 left on base; Culver City 1 - Bismarck 4
BOTTOM OF THE 4TH
Bismarck Barons batting - Pitching for Culver City Extras : LHP Sebastián Cervantes
Batting: RHB Rubén Palma 0-0: Foul Ball, location: 2F
0-1: Swinging Strike
0-2: Ball
1-2: Strikes out looking
Batting: RHB Dave Anderson 0-0: Ball
1-0: Called Strike
1-1: Foul Ball, location: 2F
1-2: Foul Ball, location: 2F
1-2: SINGLE (Groundball, 34D)
Batting: RHB Dennis Garner 0-0: Ball
1-0: Called Strike
1-1: Ball
2-1: Swinging Strike
2-2: Grounds into double play, 5-4-3 (Groundball, 56)
Bottom of the 4th over - 0 runs, 1 hit, 0 errors, 0 left on base; Culver City 1 - Bismarck 4
TOP OF THE 5TH
Culver City Extras batting - Pitching for Bismarck Barons : RHP Wilson Molina
Batting: LHB Richard Bell 0-0: Foul Ball, location: 2F
0-1: Foul Ball, location: 2F
0-2: Ball
1-2: Ball
2-2: Ball
3-2: Base on Balls
Batting: RHB Clarence Harrison 0-0: Foul Ball, location: 2F
0-1: Foul Ball, location: 2F
0-2: Foul Ball, location: 2F
0-2: Ball
1-2: Strikes out swinging
Batting: LHB Juan Hinojosa 0-0: Ball
1-0: Foul Ball, location: 2F
1-1: Called Strike
1-2: Foul Ball, location: 2F
1-2: Strikes out swinging
Batting: RHB Robert Koremans 0-0: Ball
1-0: Called Strike
1-1: Swinging Strike
1-2: Strikes out swinging
Top of the 5th over - 0 runs, 0 hits, 0 errors, 1 left on base; Culver City 1 - Bismarck 4
BOTTOM OF THE 5TH
Bismarck Barons batting - Pitching for Culver City Extras : LHP Sebastián Cervantes
Batting: RHB Jason Stover 0-0: Ball
1-0: Ball
2-0: Ball
3-0: Foul Ball, location: 2F
3-1: Foul Ball, location: 2F
3-2: SINGLE (Groundball, 4S) (infield hit)
Batting: RHB Fernando Castellanos 0-0: Fly out, F9 (Flyball, 9D)
Batting: RHB Félix Trevino 0-0: Called Strike
0-1: Ball
1-1: Ball
2-1: Ball
3-1: Base on Balls
Jason Stover to second
Batting: RHB José Ruíz 0-0: Foul Ball, location: 2F
0-1: Foul Ball, location: 2F
0-2: Strikes out swinging
Batting: RHB Xie-li Fong 0-0: SINGLE (Line Drive, 34)
Jason Stover to third
Félix Trevino to second
Runner from 3rd tries for Home, SAFE, throw made home
Batting: RHB Pedro García 0-0: Ball
1-0: Ground out 4-3 (Groundball, 4)
Bottom of the 5th over - 1 run, 2 hits, 0 errors, 2 left on base; Culver City 1 - Bismarck 5
TOP OF THE 6TH
Culver City Extras batting - Pitching for Bismarck Barons : RHP Wilson Molina
Pitching: RHP Neil Birss
Batting: RHB Horace Johnson 0-0: Foul Ball, location: 2F
0-1: Ball
1-1: Ball
2-1: Foul Ball, location: 2F
2-2: Strikes out swinging
Batting: LHB Jorge Martínez 0-0: Foul Ball, location: 2F
0-1: Ball
1-1: Ball
2-1: Fly out, F7 (Flyball, 78S)
Batting: RHB Jason McIntosh 0-0: Called Strike
0-1: Swinging Strike
0-2: Strikes out swinging
Top of the 6th over - 0 runs, 0 hits, 0 errors, 0 left on base; Culver City 1 - Bismarck 5
BOTTOM OF THE 6TH
Bismarck Barons batting - Pitching for Culver City Extras : LHP Sebastián Cervantes
Batting: RHB Rubén Palma 0-0: Fly out, F8 (Flyball, 8LM)
Batting: RHB Dave Anderson 0-0: Ground out 4-3 (Groundball, 4)
Batting: RHB Dennis Garner 0-0: Ball
1-0: Ball
2-0: Foul Ball, location: 2F
2-1: Foul Ball, location: 2F
2-2: SINGLE (Line Drive, 9S)
Batting: RHB Jason Stover 0-0: Called Strike
Dennis Garner steals 2nd base
0-1: Ball
1-1: SINGLE (Groundball, 34D)
Dennis Garner to third
Runner from 3rd tries for Home, SAFE, throw made home
Pitching: LHP Marcos Ortíz
Batting: RHB Fernando Castellanos 0-0: Swinging Strike
0-1: Ball
Jason Stover steals 2nd base
1-1: Ball
2-1: Foul Ball, location: 2F
2-2: Foul Ball, location: 2F
2-2: SINGLE (Groundball, 56D)
Jason Stover to third
Runner from 3rd tries for Home, SAFE, throw made home
Batting: RHB Félix Trevino 0-0: Ball
1-0: Ball
2-0: Foul Ball, location: 2F
2-1: Ball
3-1: Base on Balls
Fernando Castellanos to second
Batting: RHB José Ruíz 0-0: Foul Ball, location: 2F
0-1: Called Strike
0-2: Ball
1-2: Strikes out looking
Bottom of the 6th over - 2 runs, 3 hits, 0 errors, 2 left on base; Culver City 1 - Bismarck 7
TOP OF THE 7TH
Culver City Extras batting - Pitching for Bismarck Barons : RHP Neil Birss
Batting: RHB Dave Anderson 0-0: Ball
1-0: Foul Ball, location: 2F
1-1: Ball
2-1: DOUBLE (Flyball, 89D)
Batting: SHB Joey Boyd 0-0: Ball
1-0: Reached on error, E5 (Groundball, 56)
Dave Anderson to third
Batting: LHB Richard Bell 0-0: Called Strike
0-1: SINGLE (Groundball, 6MD)
Dave Anderson scores
Joey Boyd to second
Batting: RHB Clarence Harrison 0-0: Foul Ball, location: 2F
0-1: SINGLE (Groundball, 56D)
Joey Boyd to third
Richard Bell to second
Batting: LHB Juan Hinojosa 0-0: Swinging Strike
0-1: Ball
1-1: Ball
2-1: Ball
Wild Pitch!
Joey Boyd scores
Richard Bell to third
Clarence Harrison to second
3-1: Called Strike
3-2: SINGLE (Groundball, 34D)
Richard Bell scores
Clarence Harrison to third
Runner from 3rd tries for Home, SAFE, throw made home
Pitching: RHP Domingo León
Batting: RHB Robert Koremans 0-0: Ball
1-0: Called Strike
Juan Hinojosa steals 2nd base
1-1: DOUBLE (Line Drive, 7LM)
Juan Hinojosa scores
Batting: RHB Horace Johnson 0-0: Ball
1-0: Called Strike
1-1: Bunt missed!
1-2: SINGLE (Line Drive, 8LS)
Robert Koremans to third
Pinch Hitting: LHB Randy Wiggins 0-0: Ground out 4-3 (Groundball, 4)
Horace Johnson to second
Pinch Hitting: LHB Tony Smith 0-0: Called Strike
0-1: Foul Ball, location: 2F
0-2: Ball
1-2: Ball
2-2: Ball
3-2: Strikes out swinging
Batting: RHB Dave Anderson 0-0: Foul Ball, location: 2F
0-1: Called Strike
0-2: Ball
1-2: Ball
2-2: Ball
3-2: Base on Balls
Pinch Hitting: LHB Buddy Rice 0-0: Ball
1-0: Ball
2-0: Swinging Strike
2-1: GRAND SLAM HOME RUN (Line Drive, 9LD), Distance : 322 ft
Pitching: RHP Elias Bednell
Batting: LHB Richard Bell 0-0: Ball
1-0: Ball
2-0: Called Strike
2-1: Ball
3-1: Base on Balls
Batting: RHB Clarence Harrison 0-0: Fly out, F6 (Popup, 4MD)
Top of the 7th over - 9 runs, 7 hits, 1 error, 1 left on base; Culver City 10 - Bismarck 7
BOTTOM OF THE 7TH
Bismarck Barons batting - Pitching for Culver City Extras : LHP Marcos Ortíz
Now in LF: Randy Wiggins
Now in CF: Mitchell Darragh
Now in RF: Buddy Rice
Batting: RHB Xie-li Fong 0-0: Called Strike
0-1: Foul Ball, location: 2F
0-2: Ball
1-2: Hit by Pitch
Batting: RHB Pedro García 0-0: Ball
1-0: Ball
2-0: Swinging Strike
2-1: Ball
3-1: Foul Ball, location: 2F
3-2: SINGLE (Line Drive, 4MD)
Xie-li Fong to second
Runner from 2nd tries for 3rd, SAFE, throw made to third
Pedro García to second
Batting: RHB Rubén Palma 0-0: Ball
1-0: Swinging Strike
1-1: Fly out, F8 (Flyball, 8RS)
Runner from 3rd tags up, SCORES, throw made
Batting: RHB Dave Anderson 0-0: Ball
1-0: Called Strike
1-1: Foul Ball, location: 2F
1-2: Fly out, F8 (Flyball, 8RM)
Batting: RHB Dennis Garner 0-0: Ball
1-0: Called Strike
1-1: Ball
Wild Pitch!
Pedro García to third
2-1: Foul Ball, location: 2F
2-2: DOUBLE (Line Drive, 9LD)
Pedro García scores
Batting: RHB Jason Stover 0-0: SINGLE (Line Drive, 7S)
Dennis Garner to third
Runner from 3rd tries for Home, SAFE, no throw
Pitching: LHP Henry Brown
Batting: RHB Fernando Castellanos 0-0: Called Strike
0-1: Ball
1-1: Called Strike
1-2: Ball
2-2: Ball
Throwing error on steal attempt, E2
Jason Stover to third
3-2: Foul Ball, location: 2F
3-2: Base on Balls
Batting: RHB Félix Trevino 0-0: Ball
1-0: Ball
2-0: Foul Ball, location: 2F
2-1: Called Strike
2-2: Ball
3-2: Foul Ball, location: 2F
3-2: Foul Ball, location: 2F
3-2: Ground out 5-3 (Groundball, 5L)
Bottom of the 7th over - 3 runs, 3 hits, 1 error, 2 left on base; Culver City 10 - Bismarck 10
TOP OF THE 8TH
Culver City Extras batting - Pitching for Bismarck Barons : RHP Elias Bednell
Batting: LHB Juan Hinojosa 0-0: Foul Ball, location: 2F
0-1: Ball
1-1: Foul Ball, location: 2F
1-2: Ball
2-2: Strikes out looking
Batting: RHB Robert Koremans 0-0: Ball
1-0: Called Strike
1-1: Ball
2-1: Ball
3-1: Foul Ball, location: 2F
3-2: SINGLE (Groundball, 6MD)
Batting: RHB Horace Johnson 0-0: SINGLE (Groundball, 56D)
Robert Koremans to second
Batting: LHB Randy Wiggins 0-0: Ball
1-0: SINGLE (Groundball, 34S) (infield hit)
Robert Koremans to third
Horace Johnson to second
Batting: RHB Mitchell Darragh 0-0: Ball
1-0: Ball
2-0: Called Strike
2-1: Called Strike
2-2: Ball
3-2: Base on Balls
Robert Koremans scores
Horace Johnson to third
Randy Wiggins to second
Batting: RHB Dave Anderson 0-0: Ball
1-0: Ball
2-0: Ball
3-0: Base on Balls
Horace Johnson scores
Randy Wiggins to third
Mitchell Darragh to second
Batting: LHB Buddy Rice 0-0: Ball
Wild Pitch!
Randy Wiggins scores
Mitchell Darragh to third
Dave Anderson to second
1-0: Fly out, F1 (Popup, 13)
Pitching: LHP Adrian Bryant
Batting: LHB Richard Bell 0-0: Ball
1-0: Ball
2-0: 3-RUN HOME RUN (Flyball, 9D), Distance : 368 ft
Batting: RHB Clarence Harrison 0-0: Ball
1-0: SINGLE (Line Drive, 6M)
Batting: LHB Juan Hinojosa 0-0: Ball
1-0: Ball
2-0: Called Strike
2-1: Swinging Strike
2-2: Foul Ball, location: 2F
2-2: Strikes out swinging
Top of the 8th over - 6 runs, 5 hits, 0 errors, 1 left on base; Culver City 16 - Bismarck 10
BOTTOM OF THE 8TH
Bismarck Barons batting - Pitching for Culver City Extras : LHP Henry Brown
Batting: RHB José Ruíz 0-0: Ball
1-0: Called Strike
1-1: Foul Ball, location: 2F
1-2: Strikes out swinging
Batting: RHB Xie-li Fong 0-0: Ground out 4-3 (Groundball, 4)
Batting: RHB Pedro García 0-0: Called Strike
0-1: Foul Ball, location: 2F
0-2: Fly out, F9 (Flyball, 9LM)
Bottom of the 8th over - 0 runs, 0 hits, 0 errors, 0 left on base; Culver City 16 - Bismarck 10
TOP OF THE 9TH
Culver City Extras batting - Pitching for Bismarck Barons : LHP Adrian Bryant
Batting: RHB Robert Koremans 0-0: Ball
1-0: Ball
2-0: SINGLE (Groundball, 6MD)
Batting: RHB Horace Johnson 0-0: Called Strike
0-1: Foul Ball, location: 2F
0-2: Ball
1-2: SINGLE (Flyball, 9S)
Robert Koremans to second
Runner from 2nd tries for 3rd, SAFE, no throw
Batting: LHB Randy Wiggins 0-0: Ball
1-0: Called Strike
1-1: Ball
2-1: SINGLE (Flyball, 9LM)
Robert Koremans scores
Horace Johnson to second
Runner from 2nd tries for 3rd, SAFE, no throw
Batting: RHB Mitchell Darragh 0-0: Called Strike
0-1: Ball
1-1: Ball
2-1: Ball
3-1: Called Strike
3-2: Base on Balls
Randy Wiggins to second
Batting: RHB Dave Anderson 0-0: Called Strike
0-1: Ball
1-1: Called Strike
1-2: Ball
2-2: Ball
3-2: Fly out, F9 (Flyball, 9S)
Batting: LHB Buddy Rice 0-0: Called Strike
0-1: Foul Ball, location: 2F
0-2: Ball
Wild Pitch!
Horace Johnson scores
Randy Wiggins to third
Mitchell Darragh to second
1-2: Ball
2-2: Strikes out looking
Batting: LHB Richard Bell 0-0: Called Strike
0-1: Ball
1-1: Ball
2-1: Foul Ball, location: 2F
2-2: Strikes out swinging
Top of the 9th over - 2 runs, 3 hits, 0 errors, 2 left on base; Culver City 18 - Bismarck 10
BOTTOM OF THE 9TH
Bismarck Barons batting - Pitching for Culver City Extras : LHP Henry Brown
Batting: RHB Rubén Palma 0-0: Ground out 4-3 (Groundball, 4)
Batting: RHB Dave Anderson 0-0: Called Strike
0-1: Ball
1-1: Swinging Strike
1-2: Strikes out swinging
Batting: RHB Dennis Garner 0-0: Ground out 6-3 (Groundball, 6)
Bottom of the 9th over - 0 runs, 0 hits, 0 errors, 0 left on base; Culver City 18 - Bismarck 10
Saturday, December 16th, 2017 - OOTP Baseball 18.8 Build 76